 Dungeon Crawl Stone Soup version 0.17.1-2-g5865329 (webtiles) character file.

149 Moresty the Cudgeler (level 5, -1/45 HPs)
             Began as a Minotaur Berserker on Jan 15, 2016.
             Was a Believer of Trog.
             Slain by a wight
             ... wielding a +0 long sword
              (4 damage)
             ... on level 3 of the Dungeon.
             The game lasted 00:05:04 (2839 turns).

Moresty the Cudgeler (Minotaur Berserker)           Turns: 2839, Time: 00:05:04

Health: -1/45      AC:  8    Str: 23    XL:     5   Next: 9%
Magic:  4/4        EV:  8    Int:  4    God:    Trog [**....]
Gold:   194        SH:  0    Dex:  9    Spells: 0 memorised, 4 levels left

rFire  . . .     SeeInvis .     a - +0 mace
rCold  . . .     Clarity  .     B - +0 chain mail
rNeg   + + .     SustAt   .     (no shield)
rPois  .         Gourm    .     (helmet restricted)
rElec  .         Spirit   .     (no cloak)
rCorr  .         Warding  +     (no gloves)
rMut   .         Stasis   .     (no boots)
MR     .....                    l - amulet of warding
Stlth  ..........               i - ring of positive energy
                                n - ring of flight

@: drained, not resistant to hostile enchantments, extremely unstealthy
A: retaliatory headbutt, horns 2
a: Berserk, Trog's Hand, Burn Spellbooks, Renounce Religion, Evoke Flight


You were on level 3 of the Dungeon.
You worshipped Trog.
Trog was pleased with you.
You were not hungry.

You visited 1 branch of the dungeon, and saw 4 of its levels.

You collected 194 gold pieces.

Inventory:

Hand Weapons
 a - a +0 mace (weapon)
 y - a +0 whip
Armour
 b - a +0 animal skin
 e - a +0 scale mail
 B - a +0 chain mail (worn)
Jewellery
 d - an uncursed ring of ice
 i - a ring of positive energy (right hand)
 l - an amulet of warding (around neck)
 n - a ring of flight (left hand)
Scrolls
 f - 3 scrolls of remove curse {unknown}
 g - 4 scrolls of identify
 k - a scroll of enchant weapon {unknown}
 o - a scroll of enchant armour {unknown}
 p - a scroll of amnesia {unknown}
 q - a scroll of teleportation {unknown}
 t - 3 scrolls of recharging {unknown}
 x - a scroll of random uselessness {unknown}
Potions
 j - a potion of brilliance {unknown}
 m - 2 potions of heal wounds {unknown}
 r - a potion of mutation {unknown}
 s - 2 potions of degeneration
 u - a potion of invisibility {unknown}
 v - a potion of curing {unknown}
 z - a potion of poison {unknown}
 A - a potion of agility {unknown}
Comestibles
 c - 4 bread rations
 h - 4 meat rations
 w - 5 chunks of flesh


   Skills:
 - Level 3.6(3.5) Fighting
 + Level 7.0 Maces & Flails
 - Level 2.4(2.3) Armour
 - Level 2.1 Dodging


You had 4 spell levels left.
You didn't know any spells.

Dungeon Overview and Level Annotations

Branches:
Dungeon (4/15)
 Temple: D:4-7

Altars:
Elyvilon


Innate Abilities, Weirdness & Mutations

You reflexively headbutt those who attack you in melee.
You have a pair of horns on your head.


Message History

The wight closely misses you. The wight hits you with a halberd.
* * * LOW HITPOINT WARNING * * *
You partially resist.
You feel drained. The wight hits you but does no damage.
The wight barely misses you.
Some of the chunks of flesh in your inventory have rotted away.
There is a stone staircase leading up here.
The wight hits you with a long sword.
* * * LOW HITPOINT WARNING * * *
You climb upwards.
There is a stone staircase leading down here.
You hit the wight.
The wight is severely damaged.
The wight misses you. You furiously retaliate!
You headbutt the wight. You hit the wight but do no damage.
You headbutt the wight, but do no damage.
The wight is severely damaged.
You barely miss the wight. Your headbutt misses the wight.
The wight is severely damaged.
The wight hits you with a long sword.
You die...

#....................#
#..########..........#
##..# #..........#
##.### #..........##
#>..#####...........#
###....##.....รท......
####.##..........#.
#####.............##
####..@#..........#####
#....z....##.......####
#.........##...........
#.........#............
##..........##...).#..#
#...###.#.####........
###.............#.....
##..###...........#..
#...# ##........#....


You could see a wight.

Vanquished Creatures
  A giant frog skeleton (D:4)
  A worker ant (D:4)
  4 adders
  3 worms
  2 giant geckos (D:1)
  6 orcs
  5 bats
  2 goblins (D:2)
  6 hobgoblins
  A quokka (D:3)
  5 giant cockroaches
  5 kobolds
  A quokka skeleton (D:4)
  5 rats
47 creatures vanquished.

Notes
Turn   | Place    | Note
--------------------------------------------------------------
     0 | D:1      | Moresty the Minotaur Berserker began the quest for the Orb.
     0 | D:1      | Reached XP level 1. HP: 19/19 MP: 0/0
    67 | D:1      | Reached skill level 4 in Maces & Flails
   330 | D:1      | Reached XP level 2. HP: 26/26 MP: 1/1
  1027 | D:2      | Reached skill level 5 in Maces & Flails
  1082 | D:2      | Reached XP level 3. HP: 28/31 MP: 2/2
  1352 | D:2      | Found a white marble altar of Elyvilon.
  1360 | D:2      | Reached ** piety under Trog
  2233 | D:3      | Reached skill level 6 in Maces & Flails
  2233 | D:3      | Reached XP level 4. HP: 17/39 MP: 3/3
  2661 | D:4      | Reached XP level 5. HP: 39/45 MP: 4/4
  2669 | D:4      | Reached skill level 7 in Maces & Flails
  2839 | D:3      | Slain by a wight

Action                   |  1- 3 |  4- 6 || total
-------------------------+-------+-------++-------
Melee: Mace              |    81 |    44 ||   125
  Use: Scroll            |       |     1 ||     1
  Eat: Chunk             |     4 |     2 ||     6
